 Dungeon Crawl Stone Soup version 0.30-a0-808-g6e0788376e (webtiles) character file.

Game seed: 14963016357488106699

208 Farfigtubin the Sneak (level 6, -1/35 HPs)
             Began as a Kobold Brigand on Feb 26, 2023.
             Splashed by a jelly's acid (8 damage)
             ... on level 5 of the Dungeon.
             The game lasted 00:05:56 (682 turns).

Farfigtubin the Sneak (Kobold Brigand)               Turns: 682, Time: 00:05:57

Health: -1/35      AC: -5    Str:  8    XL:     6   Next: 11%
Magic:  6/6        EV: 16    Int: 12    God:
Gold:   24         SH:  0    Dex: 19    Spells: 5/5 levels left

rFire   . . .      SeeInvis .    a - +2 dagger
rCold   . . .      Faith    .    (no shield)
rNeg    . . .      Spirit   .    b - +0 robe
rPois   .          Reflect  .    (no helmet)
rElec   .          Harm     .    c - +0 cloak
rCorr   .          Rampage  .    (no gloves)
Will    .....                    (no boots)
Stlth   +++++                    (no amulet)
HPRegen 0.25/turn                (no ring)
MPRegen 0.10/turn                (no ring)

@: corroded
A: small, no large weapons, nightstalker 3
a: no special abilities


You were on level 5 of the Dungeon.
You visited 1 branch of the dungeon, and saw 5 of its levels.

You collected 24 gold pieces.

Inventory:

Hand Weapons
 a - a +2 dagger (weapon)
 h - a +2 falchion of freezing
Missiles
 d - 9 poisoned darts (quivered)
 e - 3 curare-tipped darts
Armour
 b - a +0 robe (worn)
 c - a +0 cloak (worn)
Scrolls
 f - a scroll of immolation {unknown}
 i - a scroll of brand weapon {unknown}
Potions
 g - a potion of curing {unknown}


   Skills:
 - Level 2.1 Fighting
 * Level 5.8 Short Blades
 - Level 2.1 Throwing
 + Level 3.4 Dodging
 + Level 6.6 Stealth


You had 5 spell levels left.
You didn't know any spells.
Your spell library was empty.

Dungeon Overview and Level Annotations

Branches:
Dungeon (5/15)
 Temple: D:4-7

Altars:
Kikubaaqudgha
Makhleb

Shops:
D:4 !


Innate Abilities, Weirdness & Mutations

You are small and have problems with some larger weapons.
You are completely attuned to the shadows.


Message History

You start resting.
HP restored.
Found an ancient bone altar of Kikubaaqudgha.
A gnoll comes into view. It is wielding a +0 spear.
Found a short sword.
A gnoll comes into view. It is wielding a +0 flail.
Found a scroll labelled LORIUDEIDA.
Found a mace.
An ice beast comes into view.
You see here a +0 mace.
The helpless ice beast fails to defend itself.
You spit the ice beast like a pig!!!
You kill the ice beast!
Your Dodging skill increases to level 3!
You have reached level 6!
i - a scroll labelled LORIUDEIDA A jelly comes into view.
You see here a +0 mace.
Found a ring mail.
You hit the jelly.
Your hands burn!
The jelly is lightly wounded.
You hit the jelly. The acid corrodes you!
Your hands burn!
The jelly is moderately wounded.
The jelly misses you.
You hit the jelly.
Your hands burn!
The jelly is moderately wounded.
The jelly hits you. The acid corrodes you!
You are splashed with acid!
You hit the jelly but do no damage. The acid corrodes you!
Your hands burn!
The jelly is moderately wounded.
You hit the jelly.
Your hands burn!
* * * LOW HITPOINT WARNING * * *
The jelly is heavily wounded.
The jelly barely misses you.
You hit the jelly but do no damage.
Your hands burn!
* * * LOW HITPOINT WARNING * * *
The jelly is heavily wounded.
The jelly hits you.
* * * LOW HITPOINT WARNING * * *
You are splashed with acid!
You die...

#.# #.# #.#
#.##### ......#
#.###.#
#######.# #.#
#.# #[.J@....
..# #.#
#.#####.# <.#
#.#######.# .##
#.##...##.# .#
#.##.#....#
†####.##...####
......###.##
...#### #.#
...# #.#


You could see a jelly.

Vanquished Creatures
  An ice beast (D:5)
  A phantom (D:5)
  An iguana (D:5)
  2 adders
  An endoplasm (D:3)
  A hobgoblin (D:2)
  A frilled lizard (D:2)
8 creatures vanquished.

Notes
Turn   | Place    | Note
-------+----------+-------------------------------------------
     0 | D:1      | Farfigtubin the Kobold Brigand began the quest for the Orb.
     0 | D:1      | Reached XP level 1. HP: 12/12 MP: 1/1
   115 | D:2      | Reached XP level 2. HP: 17/17 MP: 2/2
   174 | D:3      | Found a burning altar of Makhleb.
   321 | D:5      | Entered Level 5 of the Dungeon
   331 | D:5      | Reached XP level 3. HP: 15/21 MP: 3/3
   357 | D:5      | Noticed a scorpion
   397 | D:4      | Found Hudif's Distillery.
   495 | D:5      | Reached XP level 4. HP: 26/26 MP: 4/4
   551 | D:5      | Noticed a phantom
   566 | D:5      | Killed a phantom
   567 | D:5      | Reached skill level 5 in Short Blades
   567 | D:5      | Reached skill level 6 in Stealth
   567 | D:5      | Reached XP level 5. HP: 17/30 MP: 5/5
   626 | D:5      | Found an ancient bone altar of Kikubaaqudgha.
   642 | D:5      | Noticed an ice beast
   645 | D:5      | Killed an ice beast
   646 | D:5      | Reached XP level 6. HP: 35/35 MP: 6/6
   682 | D:5      | Splashed by a jelly's acid

Illustrated notes

Levels and vault maps discovered:
D:1:      lemuel_arrival_river_passageway, layout_basic, grunt_decor_junction,
          minmay_misc_feat_ornament
D:2:      layout_loops_ring, basic_altar, hex_tiny, kennysheep_generic_room_8
D:3:      layout_loops_cross, mainiacjoe_overflow_cross_hatched,
          chequers_serial_rivers_marsh, serial_bayou_pond_d
D:4:      layout_gridville, serial_shops, kennysheep_mini_moat,
          hangedman_abyss_or_decor_lesser_grid, nicolae_titane
D:5:      layout_loops_ring, mainiacjoe_overflow_catwalk,
          minmay_temple_entry_waves, uniq_eustachio, uniq_pikel

Skill      XL: |  1  2  3  4  5 |
---------------+----------------+-----
Short Blades   | 3 4 5 |  5.8
Dodging        | 2 3 |  3.4
Stealth        | 6 |  6.6
Fighting       | |  2.1
Throwing       | |  2.1

Action                     |  1- 3 |  4- 6 || total
---------------------------+-------+-------++-------
  Melee: Dagger            |    18 |    22 ||    40
   Stab: Sleeping          |     3 |     1 ||     4
 Armour: Robe              |     1 |       ||     1
  Dodge: Dodged            |     7 |     9 ||    16

Table legend: (Time is in decaauts)
 A = Elapsed time spent in this place.
 B = Non-inter-level travel time spent in this place.
 C = Inter-level travel time spent in this place.
 D = Time resting spent in this place.
 E = Time spent auto-exploring this place.
 F = Levels seen in this place.
 G = Mean time per level.
                   A        B        C        D        E       F      G
               +--------+--------+--------+--------+--------+-----+--------+
         Total |    674 |    653 |     21 |    113 |      0 |   5 |  134.8 |
       Dungeon |    674 |    653 |     21 |    113 |      0 |   5 |  134.8 |
               +--------+--------+--------+--------+--------+-----+--------+

Top non-repeatable levels by time:
     D:5: 225 daAuts
     D:4: 184 daAuts
     D:2: 130 daAuts
     D:3: 109 daAuts
     D:1: 24 daAuts
